[Event "Titled Tuesday Blitz January 31 Early 2023"]
[White "Martic, Ivan"]
[Black "Melikhov, Evgeny V."]
[WhiteFideId "929301"]
[BlackFideId "4122046"]
[WhiteElo "2301"]
[BlackElo "2269"]
[Result "0-1"]
[Round "10"]
[TimeControl "180+2"]
[Date "2023.01.31"]
[WhiteClock "0:00:09"]
[BlackClock "0:00:08"]

1. e4 e5 2. Nc3 Nf6 3. g3 d5 4. exd5 Nxd5 5. Bg2 Nxc3 6. bxc3 Bd6 7. d3 Nd7 8. Nf3 O-O 9. O-O Rb8 10. Re1 Re8 11. Rb1 b6 12. Ng5 h6 13. Ne4 Bb7 14. Qh5 Nf6 15. Nxf6+ Qxf6 16. Bxb7 Rxb7 17. Re4 c5 18. c4 Rbe7 19. Bb2 Kh7 20. Rbe1 g6 21. Qe2 h5 22. Kg2 Qf5 23. h3 f6 24. g4 hxg4 25. hxg4 Qd7 26. Rh1+ Kg7 27. Re3 Rh8 28. Reh3 Rxh3 29. Rxh3 Qe6 30. Bc1 e4 31. Re3 f5 32. gxf5 gxf5 33. Bb2+ Be5 34. Rg3+ Kf8 35. Bxe5 Qxe5 36. Qh5 Rf7 37. Qh6+ Ke7 38. Rg8 f4 39. Qh4+ Qf6 40. Qxf6+ Kxf6 41. dxe4 Rd7 42. Kf3 Rd2 43. Rf8+ Ke6 44. Rxf4 Rxc2 45. Kg4 Rxc4 46. f3 Ra4 47. Rf8 Rxa2 48. f4 Rg2+ 49. Kf3 Rg1 50. Re8+ Kd7 51. Ra8 c4 52. Ke3 Rg3+ 53. Kd4 c3 54. Rxa7+ Kc6 55. Ra1 c2 56. Rc1 Rg2 57. f5 Kd6 58. e5+ Ke7 59. Kd3 Rf2 60. Ke4 b5 61. Rh1 b4 62. Ke3 Rxf5 63. Kd3 b3 64. Kc3 Rf3+ 65. Kb2 Ke6 66. Rh5 Re3 67. Rh6+ Kxe5 68. Rh5+ Ke4 69. Rh4+ Kd3 70. Rh8 Ke2 71. Rd8 Rc3 72. Re8+ Kf3 73. Rf8+ Kg4 74. Rg8+ Kh5 75. Rh8+ Kg6 76. Rg8+ Kf7 77. Rg1 Rd3 78. Rf1+ Ke6 79. Rh1 Rd1 80. Rh6+ Kf5 81. Rh5+ Kg6 82. Rc5 Rb1+ 83. Ka3 c1=Q+ 84. Rxc1 Rxc1 85. Kb2 Rc6 86. Kb1 Kf5 87. Kb2 Ke5 88. Ka3 Kd4 89. Kb2 Kc4 90. Ka3 Ra6+ 91. Kb2 Ra2+ 92. Kb1 Rh2 93. Ka1 Kc3 94. Kb1 Rh1# 0-1


[Site "https://www.chess.com"]

[Event "Titled Tuesday Blitz January 31 Early 2023"]
[White "Vetokhin, Ilia"]
[Black "Golubev, Mikhail"]
[WhiteFideId "24156078"]
[BlackFideId "14100983"]
[WhiteElo "2305"]
[BlackElo "2461"]
[Result "1-0"]
[Round "10"]
[TimeControl "180+2"]
[Date "2023.01.31"]
[WhiteClock "0:00:17"]
[BlackClock "0:00:01"]

1. d4 Nf6 2. c4 g6 3. Nc3 Bg7 4. e4 d6 5. Be2 O-O 6. Bg5 c5 7. d5 h6 8. Bf4 e6 9. dxe6 Bxe6 10. Nf3 Nc6 11. O-O Re8 12. Qd2 Kh7 13. Rfd1 Qb6 14. Rac1 Nd4 15. Nxd4 cxd4 16. Qxd4 Qxd4 17. Rxd4 Nh5 18. Be3 Bxd4 19. Bxd4 Rac8 20. b3 Nf4 21. Bf1 a6 22. a4 f5 23. g3 Nh5 24. Bg2 f4 25. Nd5 Bxd5 26. exd5 Rc7 27. a5 Rce7 28. Kf1 fxg3 29. hxg3 Rf8 30. Kg1 Re2 31. c5 dxc5 32. Bxc5 Rf7 33. d6 Nf6 34. b4 Ng4 35. Rd1 Nxf2 36. d7 Nxd1 37. d8=Q Nf2 38. Bd4 Re1+ 39. Bf1 1-0


[Site "https://www.chess.com"]

[Event "Titled Tuesday Blitz January 31 Early 2023"]
[White "Petrova, Irina"]
[Black "Kleiman, Jake"]
[WhiteFideId "14124122"]
[BlackFideId "2020041"]
[WhiteElo "2108"]
[BlackElo "2399"]
[Result "0-1"]
[Round "10"]
[TimeControl "180+2"]
[Date "2023.01.31"]
[WhiteClock "0:00:08"]
[BlackClock "0:00:11"]

1. e4 a6 2. d4 b5 3. Nc3 Bb7 4. f3 e6 5. Be3 Nf6 6. Bd3 Qc8 7. Qd2 c5 8. O-O-O cxd4 9. Bxd4 Nc6 10. Be3 Bb4 11. Nge2 Ne5 12. Kb1 Nc4 13. Bxc4 Qxc4 14. a3 Be7 15. e5 Nd5 16. Nxd5 Bxd5 17. Nc3 Bc6 18. f4 b4 19. axb4 Qxb4 20. Na2 Qb7 21. Rhg1 Rb8 22. Bd4 a5 23. g4 h5 24. h3 a4 25. f5 hxg4 26. hxg4 Rh3 27. f6 gxf6 28. exf6 Ba3 29. Qg5 Rh8 30. Qc1 Bd5 31. Ka1 Bf8 32. Be5 Rc8 33. Nc3 Bc6 34. g5 a3 35. bxa3 Qa6 36. Na2 Bxa3 37. Bb2 Bc5 38. g6 Ra8 39. gxf7+ Kxf7 40. Rg7+ Kf8 41. Qb1 Bd5 42. c4 Bxc4 43. Ba3 Qxa3 44. Rd2 Bxa2 45. Rxa2 Bd4+ 0-1


[Site "https://www.chess.com"]

[Event "Titled Tuesday Blitz January 31 Early 2023"]
[White "Ljukin, Sergei"]
[Black "Alfaro, William"]
[WhiteFideId "14102200"]
[BlackFideId "6100457"]
[WhiteElo "2362"]
[BlackElo "2134"]
[Result "1-0"]
[Round "10"]
[TimeControl "180+2"]
[Date "2023.01.31"]
[WhiteClock "0:00:02"]
[BlackClock "0:00:04"]

1. e4 Nf6 2. e5 Nd5 3. c4 Nb6 4. d4 d6 5. f4 Nc6 6. Be3 Bf5 7. Nc3 dxe5 8. fxe5 e6 9. Nf3 Be7 10. Be2 O-O 11. O-O Bg4 12. Qd2 f5 13. Rad1 Qe8 14. c5 Nd5 15. Nxd5 exd5 16. h3 Bh5 17. b4 Nd8 18. Rb1 Ne6 19. Bd1 h6 20. Bb3 c6 21. b5 a6 22. bxc6 bxc6 23. Ba4 f4 24. Bf2 Bg6 25. Rb6 Nd8 26. e6 Bf6 27. Qxf4 Nxe6 28. Qd6 Be4 29. Qxc6 Qxc6 30. Rxc6 Bxf3 31. Rxe6 Be4 32. Bb3 Rab8 33. Rd6 Be7 34. Rd7 Bg5 35. Bxd5+ Bxd5 36. Rxd5 Bf6 37. c6 Rb2 38. c7 Rc2 39. Rd7 Rc8 40. Bg3 Rc3 41. Kh2 Kh7 42. d5 Bg5 43. d6 h5 44. Rff7 Bh6 45. Rd8 1-0


[Site "https://www.chess.com"]

[Event "Titled Tuesday Blitz January 31 Early 2023"]
[White "Manukian, Artak"]
[Black "Onslow, Alfie"]
[WhiteFideId "13301373"]
[BlackFideId "436976"]
[WhiteElo "2196"]
[BlackElo "2157"]
[Result "1-0"]
[Round "10"]
[TimeControl "180+2"]
[Date "2023.01.31"]
[WhiteClock "0:01:56"]
[BlackClock "0:00:07"]

1. e4 c5 2. Nf3 Nc6 3. c3 Nf6 4. e5 Nd5 5. d4 cxd4 6. cxd4 d6 7. Nc3 Nxc3 8. bxc3 dxe5 9. d5 Na5 10. Nxe5 Bd7 11. Qf3 Qc7 12. Qxf7+ Kd8 13. Nxd7 Qxc3+ 14. Ke2 Qxa1 15. Nxf8 Qxc1 16. Qxg7 Qc2+ 17. Ke3 Qc1+ 18. Kf3 Qd1+ 19. Kg3 Rc8 20. Bb5 Qxd5 21. Rd1 Qxd1 22. Ne6# 1-0


[Site "https://www.chess.com"]

[Event "Titled Tuesday Blitz January 31 Early 2023"]
[White "Erzhanov, Arman"]
[Black "Andreev, Konstantin"]
[WhiteFideId "4138821"]
[BlackFideId "24239305"]
[WhiteElo "2228"]
[BlackElo "2195"]
[Result "1-0"]
[Round "10"]
[TimeControl "180+2"]
[Date "2023.01.31"]
[WhiteClock "0:00:12"]
[BlackClock "0:00:04"]

1. e4 c5 2. Nf3 Nc6 3. Bb5 e6 4. b3 Nge7 5. Bb2 a6 6. Bxc6 Nxc6 7. O-O f6 8. Nh4 Qe7 9. f4 Qf7 10. f5 exf5 11. Nxf5 g6 12. Ne3 Bg7 13. Nc3 O-O 14. Ncd5 Nd4 15. b4 d6 16. Nc4 Rd8 17. Nxd6 Rxd6 18. bxc5 Rxd5 19. exd5 Qxd5 20. c3 Nf5 21. d4 Bd7 22. Qf3 Qxf3 23. Rxf3 Bc6 24. Rff1 Bh6 25. Rae1 Kf7 26. c4 Ne3 27. d5 Nxf1 28. dxc6 Nd2 29. cxb7 Rb8 30. c6 Bf4 31. Bc1 Rd8 32. Re2 Ne4 33. Rxe4 Rd1+ 34. Kf2 Bc7 35. Ba3 Rd2+ 36. Ke3 Rxa2 37. Re7+ Kg8 38. Rxc7 1-0


[Site "https://www.chess.com"]

[Event "Titled Tuesday Blitz January 31 Early 2023"]
[White "Zong, Davis"]
[Black "Zaichenko, Daria"]
[WhiteFideId "30903955"]
[BlackFideId "4197453"]
[WhiteElo "2151"]
[BlackElo "2104"]
[Result "1-0"]
[Round "10"]
[TimeControl "180+2"]
[Date "2023.01.31"]
[WhiteClock "0:00:10"]
[BlackClock "0:00:16"]

1. d4 d5 2. c4 e6 3. Nc3 Be7 4. Nf3 Nf6 5. Bf4 O-O 6. e3 Ne4 7. Bd3 Nxc3 8. bxc3 dxc4 9. Bxc4 c5 10. O-O Nc6 11. Bd3 cxd4 12. cxd4 h6 13. Rc1 Bd7 14. Bb1 Qa5 15. Qd3 f5 16. e4 Nb4 17. Qe3 g5 18. Bc7 Qb5 19. exf5 Nd5 20. Qe5 Nxc7 21. Rxc7 Bf6 22. Qxb5 Bxb5 23. Re1 exf5 24. Bxf5 Bc6 25. Be6+ Kh8 26. d5 Bb5 27. Rxb7 a6 28. h3 Rad8 29. Rc1 Rb8 30. Ra7 Ra8 31. Rac7 Bd8 32. Rb7 Ba5 33. Ne5 Rf6 34. a4 Bxa4 35. Ng4 Rf4 36. g3 Rb4 37. Rxb4 Bxb4 38. Rc7 Bd6 39. Rb7 h5 40. Nf6 h4 41. Rh7# 1-0


[Site "https://www.chess.com"]

[Event "Titled Tuesday Blitz January 31 Early 2023"]
[White "Nguyen Hong Nhung"]
[Black "Fajdetic, Hrvoje"]
[WhiteFideId "12412201"]
[BlackFideId "14501945"]
[WhiteElo "2003"]
[BlackElo "2151"]
[Result "1-0"]
[Round "10"]
[TimeControl "180+2"]
[Date "2023.01.31"]
[WhiteClock "0:01:41"]
[BlackClock "0:00:42"]

1. e4 c5 2. Nc3 a6 3. a4 Nc6 4. f4 g6 5. Nf3 Bg7 6. Bc4 e6 7. O-O Nge7 8. d3 d5 9. Bb3 O-O 10. Qe1 Nd4 11. Nxd4 Bxd4+ 12. Kh1 Bg7 13. Qh4 d4 14. Ne2 Nc6 15. Qg3 Na5 16. Ba2 b5 17. axb5 axb5 18. Bd2 Nc6 19. f5 Rxa2 20. Rxa2 exf5 21. exf5 Bxf5 22. Rxf5 gxf5 23. Nf4 Ne5 24. Nh5 Ng6 25. Ra1 Be5 26. Qf3 Qh4 27. g3 Qg4 28. Rf1 Ra8 29. Qxa8+ 1-0


[Site "https://www.chess.com"]

[Event "Titled Tuesday Blitz January 31 Early 2023"]
[White "Alahakoon, Isuru"]
[Black "Donskov, Anatoly"]
[WhiteFideId "9900993"]
[BlackFideId "24143413"]
[WhiteElo "1819"]
[BlackElo "2279"]
[Result "0-1"]
[Round "10"]
[TimeControl "180+2"]
[Date "2023.01.31"]
[WhiteClock "0:00:05"]
[BlackClock "0:00:17"]

1. Nf3 d5 2. e3 Nf6 3. c4 dxc4 4. Bxc4 e6 5. d4 c5 6. O-O a6 7. a4 cxd4 8. exd4 Be7 9. Nc3 Nc6 10. Bg5 O-O 11. Re1 Na5 12. Bd3 Nc6 13. Bc2 Nb4 14. Bb1 b6 15. Ne5 Bb7 16. Re3 Rc8 17. Bxf6 Bxf6 18. Bxh7+ Kh8 19. Qh5 Bg5 20. Bg6+ Bh6 21. Nxf7+ Rxf7 22. Bxf7 Qxd4 23. Rd1 Qf6 24. Bg6 Rf8 25. f3 Nc6 26. Re2 Nd4 27. Red2 e5 28. Ne4 Qf4 29. Ng3 Bxf3 30. gxf3 Nxf3+ 31. Kg2 Nxd2 32. Qe2 Qf6 33. Bc2 Qc6+ 34. Kg1 Qxc2 35. Nf1 Qc5+ 0-1


[Site "https://www.chess.com"]

[Event "Titled Tuesday Blitz January 31 Early 2023"]
[White "Rose, Felix"]
[Black "Ivanova, Karina"]
[WhiteFideId "5105722"]
[BlackFideId "24139750"]
[WhiteElo "2091"]
[BlackElo "2085"]
[Result "1/2-1/2"]
[Round "10"]
[TimeControl "180+2"]
[Date "2023.01.31"]
[WhiteClock "0:00:20"]
[BlackClock "0:00:14"]

1. d4 Nf6 2. Nf3 e6 3. Bf4 c5 4. e3 b6 5. Nbd2 Bb7 6. c3 Nc6 7. Bd3 d5 8. h4 Bd6 9. Bxd6 Qxd6 10. dxc5 bxc5 11. e4 Rd8 12. Bb5 dxe4 13. Ng5 e3 14. fxe3 Qg3+ 15. Kf1 Qxe3 16. Ngf3 O-O 17. Qe2 Ng4 18. Qxe3 Nxe3+ 19. Kf2 Nd5 20. Ne4 a6 21. Nxc5 axb5 22. Nxb7 Rb8 23. Nc5 Rfc8 24. Nd3 f6 25. a4 bxa4 26. Rxa4 e5 27. Nd2 Nb6 28. Ra6 Rd8 29. Ke2 f5 30. Rf1 g6 31. Nc5 e4 32. g4 Rd5 33. gxf5 Rxc5 34. fxg6 hxg6 35. Nxe4 Re5 36. Rf4 Rbe8 37. Rxb6 Rxe4+ 38. Rxe4 Rxe4+ 39. Kf3 Re6 40. Kg3 Kf7 41. b4 Ne5 42. Rxe6 Kxe6 43. Kf4 Nc4 44. Kg5 Kf7 45. h5 gxh5 46. Kxh5 Ke6 47. Kg4 Kd5 48. Kf3 Kc6 49. Ke4 Kb5 50. Kd4 Nb2 51. Kd5 Nc4 52. Kd4 Na3 53. Kd5 Nc4 54. Ke4 Nb2 55. Kd4 Nc4 56. Kd3 Ne5+ 57. Ke4 Nc6 58. Kd5 Nxb4+ 59. cxb4 Kxb4 1/2-1/2


[Site "https://www.chess.com"]

[Event "Titled Tuesday Blitz January 31 Early 2023"]
[White "Ashraf, Artin"]
[Black "Torres Dominguez, David"]
[WhiteFideId "22514805"]
[BlackFideId "2220857"]
[WhiteElo "2314"]
[BlackElo "1994"]
[Result "1/2-1/2"]
[Round "10"]
[TimeControl "180+2"]
[Date "2023.01.31"]
[WhiteClock "0:00:12"]
[BlackClock "0:00:11"]

1. Nf3 d5 2. d4 c6 3. Bf4 Nf6 4. e3 Bg4 5. h3 Bh5 6. Bd3 Nbd7 7. Nbd2 e6 8. O-O Be7 9. c4 O-O 10. c5 Bg6 11. Bxg6 hxg6 12. b4 a6 13. a4 Ne4 14. Nxe4 dxe4 15. Nd2 f5 16. Qb3 Kh7 17. Qxe6 Bf6 18. Bh2 Re8 19. Qb3 Nf8 20. Nc4 Ne6 21. Nd6 Re7 22. Nxb7 Rxb7 23. Qxe6 Rc8 24. Rfb1 Qe8 25. Qc4 Ra8 26. Ra2 Qd7 27. Rab2 g5 28. Bd6 g4 29. hxg4 fxg4 30. b5 axb5 31. axb5 Rxb5 32. Rxb5 cxb5 33. Qxb5 Qf5 34. Qe2 Kg6 35. Qf1 g3 36. fxg3 Qd5 37. g4 Ra2 38. Qf5+ Qxf5 39. gxf5+ Kxf5 40. c6 Rc2 41. Bc5 Ke6 42. Rb8 Bg5 43. Re8+ Kf7 44. Rxe4 Bd8 45. Rf4+ Ke6 46. e4 Bg5 47. Rf3 Rc4 48. d5+ Ke5 49. Rf5+ Kxe4 50. Rxg5 Rxc5 51. Rxg7 Kxd5 52. c7 Ke6 53. Kf2 Kf6 54. Rh7 Kg6 55. Rd7 Kf6 56. Kf3 Ke6 57. Rh7 Rc4 58. g4 Kf6 59. Kg3 Kg6 60. Rd7 Kg5 61. Kh3 Rc3+ 62. Kg2 Kxg4 63. Rf7 Kg5 64. Kf2 Kg6 65. Rd7 Kf6 66. Ke2 Ke6 67. Rh7 Kd6 68. Kd2 Rxc7 69. Rh6+ Kd7 70. Kd3 Kc8 71. Kd4 Rd7+ 72. Kc5 Rd1 73. Rh4 Kd8 74. Kc6 Ke7 75. Re4+ Kf6 76. Re2 Kf5 77. Kc5 Kf4 78. Re8 Kf5 79. Kc6 Kf6 80. Kc7 Kf7 81. Re2 Kf6 82. Rc2 Ke5 83. Kc6 Ke4 84. Rc5 Ke3 85. Kb5 Kf4 86. Kb4 Ke4 87. Rc8 Rd4+ 88. Kc3 Rd1 89. Kc2 Rd7 90. Re8+ Kf5 91. Kc3 Kf6 92. Re3 Kf7 93. Kc4 Kf6 94. Kc5 Kf5 95. Re1 Rd2 96. Kc6 Kf4 97. Rf1+ Ke3 98. Kc5 Ke2 99. Rh1 Ke3 100. Rh4 Kf3 101. Kc4 Rd7 102. Rd4 Rxd4+ 103. Kxd4 1/2-1/2


[Site "https://www.chess.com"]

[Event "Titled Tuesday Blitz January 31 Early 2023"]
[White "Heinemann, Josefine"]
[Black "Sharapov, Evgeny"]
[WhiteFideId "12900460"]
[BlackFideId "14103133"]
[WhiteElo "2289"]
[BlackElo "2375"]
[Result "0-1"]
[Round "10"]
[TimeControl "180+2"]
[Date "2023.01.31"]
[WhiteClock "0:00:44"]
[BlackClock "0:00:37"]

1. d4 Nf6 2. c4 e6 3. Nf3 Bb4+ 4. Nbd2 O-O 5. a3 Bxd2+ 6. Bxd2 b6 7. g3 Bb7 8. Bg2 d6 9. O-O Nbd7 10. Bc3 Ne4 11. Rc1 Nxc3 12. Rxc3 Qe7 13. Qc2 Nf6 14. h4 Be4 15. Qc1 c5 16. dxc5 dxc5 17. Rd1 Rad8 18. Ne5 Bxg2 19. Kxg2 Qc7 20. Nf3 Rxd1 21. Qxd1 Rd8 22. Rd3 Rxd3 23. Qxd3 Qd7 24. Ne5 Qxd3 25. exd3 Kf8 26. Nc6 a5 27. Ne5 Ke7 28. b3 Ne8 29. d4 cxd4 30. Nc6+ Kd6 31. Nxd4 Kc5 32. Nf3 a4 33. bxa4 Kxc4 34. Ne5+ Kb3 35. Nxf7 Kxa4 36. Ng5 Kxa3 37. Nxh7 b5 38. Ng5 b4 39. Ne4 b3 40. Nd2 b2 41. g4 Nd6 42. Kf3 Ka2 43. h5 Nc4 44. Nxc4 b1=Q 45. Ne3 Kb3 46. g5 Qh1+ 47. Kg4 Qe4+ 48. Kg3 Kc3 49. Ng4 Kd2 50. f3 Qf5 51. f4 Ke2 52. h6 gxh6 53. gxh6 Qh5 0-1


[Site "https://www.chess.com"]

[Event "Titled Tuesday Blitz January 31 Early 2023"]
[White "Berezin, Viktor"]
[Black "Buscar, Michael"]
[WhiteFideId "14107872"]
[BlackFideId "2603616"]
[WhiteElo "2307"]
[BlackElo "2041"]
[Result "1-0"]
[Round "10"]
[TimeControl "180+2"]
[Date "2023.01.31"]
[WhiteClock "0:00:30"]
[BlackClock "0:01:05"]

1. d4 Nf6 2. c4 e6 3. Nf3 d5 4. g3 c5 5. Bg2 Nc6 6. cxd5 exd5 7. Nc3 Be7 8. O-O O-O 9. Bg5 c4 10. Ne5 Be6 11. f4 Ng4 12. Bxe7 Nxe7 13. Qd2 Nxe5 14. fxe5 Rb8 15. e4 b5 16. exd5 Nxd5 17. Ne4 Qb6 18. Rad1 Rfc8 19. Qg5 h6 20. Qd2 b4 21. Nd6 Rc6 22. Nxf7 Bxf7 23. Rxf7 Kxf7 24. Bxd5+ Ke8 25. Qf2 Rc7 26. Rf1 Re7 27. e6 Kd8 28. Qf8+ Re8 29. Qxg7 c3 30. Qd7# 1-0


[Site "https://www.chess.com"]

[Event "Titled Tuesday Blitz January 31 Early 2023"]
[White "Sowul, Bartosz"]
[Black "Rangel, Daniel"]
[WhiteFideId "1137590"]
[BlackFideId "2124475"]
[WhiteElo "2269"]
[BlackElo "2207"]
[Result "0-1"]
[Round "10"]
[TimeControl "180+2"]
[Date "2023.01.31"]
[WhiteClock "0:00:17"]
[BlackClock "0:00:08"]

1. e4 c6 2. d4 d5 3. e5 c5 4. Nf3 cxd4 5. Nxd4 Nc6 6. f4 Qb6 7. Bb5 Bd7 8. Bxc6 Bxc6 9. c3 e6 10. Nd2 a5 11. a4 Bc5 12. N2b3 Ne7 13. Nxc5 Qxc5 14. Be3 Qc4 15. Kf2 g6 16. Qc2 Nf5 17. b3 Qa6 18. g4 Nxe3 19. Kxe3 h5 20. h3 Rc8 21. f5 gxf5 22. gxf5 exf5 23. Raf1 Bd7 24. Nxf5 Bxf5 25. Rxf5 d4+ 26. Kxd4 Qb6+ 27. Kd3 Rg8 28. Rh2 Rg3+ 29. Kd2 Qe3+ 30. Kd1 Rg1+ 31. Rf1 Rxf1# 0-1


[Site "https://www.chess.com"]

[Event "Titled Tuesday Blitz January 31 Early 2023"]
[White "Mrudul Dehankar"]
[Black "Pein, Jonathan"]
[WhiteFideId "25096990"]
[BlackFideId "417092"]
[WhiteElo "2030"]
[BlackElo "2265"]
[Result "1-0"]
[Round "10"]
[TimeControl "180+2"]
[Date "2023.01.31"]
[WhiteClock "0:00:06"]
[BlackClock "0:00:30"]

1. e4 e5 2. Nf3 d6 3. d4 Nf6 4. Nc3 exd4 5. Nxd4 g6 6. Bc4 Bg7 7. f3 O-O 8. Be3 Re8 9. Qd2 a6 10. O-O-O b5 11. Be2 d5 12. Nb3 c6 13. Bg5 b4 14. Na4 Qc7 15. Bf4 Qd8 16. Bg5 Qc7 17. Bf4 Qb7 18. Na5 Qe7 19. Nb6 Qd8 20. Nxa8 Qxa5 21. Kb1 dxe4 22. Nc7 Rf8 23. Bc4 exf3 24. gxf3 Bf5 25. Bd6 Rc8 26. Qf4 Nbd7 27. Rhe1 b3 28. Bxb3 Nc5 29. Bxc5 Qxc5 30. Nxa6 Qf2 31. Qc4 Nd5 32. Nc5 Qxf3 33. Nd3 h5 34. Rf1 Qg4 35. Nf4 Kh7 36. Nxd5 cxd5 37. Qxg4 hxg4 38. Rxd5 Re8 39. Rdxf5 gxf5 40. Bxf7 Rb8 41. a4 Rxb2+ 42. Kc1 Rb4 43. Rxf5 Rxa4 44. Rh5+ Bh6+ 45. Kd1 Kg7 46. Bb3 Ra1+ 47. Ke2 Rg1 48. Rh4 Kg6 49. h3 g3 50. Rg4+ Kf5 51. Kf3 Bf4 52. Rxf4+ Ke5 53. Re4+ Kf5 54. Rf4+ Ke5 55. Rg4 g2 56. Rxg2 Rh1 57. Kg3 Rf1 58. h4 Rf8 59. h5 Rh8 60. Kh4 Kf4 61. Rf2+ Ke3 62. Rf7 Rh6 63. Rg7 Rc6 64. Kg5 Rc5+ 65. Kh6 Kf4 66. Rf7+ Kg4 67. Rg7+ Kh4 68. Bf7 Rxc2 69. Kh7 Rc7 70. h6 Rc6 71. Bg6 Rd6 72. Rf7 Kg5 73. Rf5+ Kg4 74. Kg7 Rd7+ 75. Rf7 Rd6 76. h7 Kg5 77. Rf5+ Kg4 78. h8=Q Rd7+ 79. Rf7 Rd5 80. Qh1 Rg5 81. Qg1+ Kh3 82. Rf3+ Kh4 83. Qh2+ Kg4 84. Qf4# 1-0


[Site "https://www.chess.com"]

[Event "Titled Tuesday Blitz January 31 Early 2023"]
[White "Lopez Idarraga, Daniel Eduardo"]
[Black "Matt, Fabian"]
[WhiteFideId "4405501"]
[BlackFideId "1623303"]
[WhiteElo "2009"]
[BlackElo "2308"]
[Result "1/2-1/2"]
[Round "10"]
[TimeControl "180+2"]
[Date "2023.01.31"]
[WhiteClock "0:00:39"]
[BlackClock "0:00:12"]

1. Nf3 Nf6 2. b3 d5 3. Bb2 e6 4. g3 Be7 5. Bg2 O-O 6. O-O b6 7. d3 Bb7 8. e4 dxe4 9. Ng5 Nbd7 10. Nd2 Qc8 11. Ndxe4 Nxe4 12. Nxe4 f5 13. Nd2 Bxg2 14. Kxg2 Qb7+ 15. Qf3 Qxf3+ 16. Nxf3 Bf6 17. Bxf6 gxf6 18. d4 c5 19. Rad1 Rad8 20. Rfe1 Kf7 21. c4 cxd4 22. Nxd4 Ne5 23. h3 Rd6 24. f4 Rfd8 25. fxe5 Rxd4 26. Rxd4 Rxd4 27. exf6 Rd2+ 28. Kf3 Rxa2 29. Rd1 Kxf6 30. Rd7 Ra3 31. Kf2 Rxb3 32. Rxa7 e5 33. Rxh7 e4 34. Rc7 Ke5 35. Re7+ Kd4 36. Rd7+ Kxc4 37. Rf7 Rf3+ 38. Kg2 b5 39. h4 Kd5 40. h5 Ke6 41. Rb7 Rd3 42. Rxb5 Kf6 43. h6 Kg6 44. Rb6+ Kh7 45. Rf6 Rd2+ 46. Kh3 Rd5 47. Re6 Rd2 48. Kh4 Rd3 49. Rf6 Rf3 50. Re6 e3 51. Kg5 Rxg3+ 52. Kxf5 Rh3 53. Kg4 Rxh6 54. Rxh6+ Kxh6 55. Kf3 Kg5 56. Kxe3 1/2-1/2


[Site "https://www.chess.com"]

[Event "Titled Tuesday Blitz January 31 Early 2023"]
[White "Rian, Kapriaga"]
[Black "Tymrakiewicz, Rafal"]
[WhiteFideId "7103263"]
[BlackFideId "1108832"]
[WhiteElo "2089"]
[BlackElo "2144"]
[Result "0-1"]
[Round "10"]
[TimeControl "180+2"]
[Date "2023.01.31"]
[WhiteClock "0:00:01"]
[BlackClock "0:00:15"]

1. d4 d5 2. Nf3 Bf5 3. Bf4 e6 4. e3 c5 5. c3 Nc6 6. Nbd2 Qb6 7. Qb3 h6 8. Be2 c4 9. Qxb6 axb6 10. a3 b5 11. Rc1 Nf6 12. Ne5 Nd7 13. Nxd7 Kxd7 14. h3 Ne7 15. Bf3 Nc8 16. e4 dxe4 17. Nxe4 Nb6 18. Rd1 Nd5 19. Bg3 b6 20. O-O Be7 21. Rfe1 Rhe8 22. Nd2 Bf6 23. Be5 Bxe5 24. Rxe5 f6 25. Ree1 Rad8 26. Bxd5 exd5 27. f3 g5 28. Kf2 Rc8 29. Nf1 Rxe1 30. Rxe1 b4 31. axb4 Ra8 32. g4 Bg6 33. Ne3 Bf7 34. Nf5 Be6 35. Kg3 h5 36. f4 Ra2 37. Re2 h4+ 38. Kf3 Ra1 39. fxg5 fxg5 40. Kg2 Rb1 41. Ne3 Bf7 42. Kf2 Rh1 43. Kg2 Rb1 44. Kf2 Rh1 45. Kg2 Rc1 46. Nf1 Bg6 47. Kf2 Bd3 48. Re1 Rc2+ 49. Kf3 Be4+ 50. Ke3 Rh2 51. Nd2 Rxh3+ 52. Kf2 Rh2+ 53. Ke3 Bd3 0-1


[Site "https://www.chess.com"]

[Event "Titled Tuesday Blitz January 31 Early 2023"]
[White "Toczek, Grzegorz"]
[Black "Mkrtchian, Lilit"]
[WhiteFideId "1106457"]
[BlackFideId "13300601"]
[WhiteElo "2260"]
[BlackElo "2389"]
[Result "0-1"]
[Round "10"]
[TimeControl "180+2"]
[Date "2023.01.31"]
[WhiteClock "0:00:20"]
[BlackClock "0:00:05"]

1. e4 e6 2. Qe2 c5 3. g3 Nc6 4. c3 g6 5. Bg2 Bg7 6. h4 h6 7. Nf3 Nge7 8. O-O e5 9. d4 cxd4 10. cxd4 exd4 11. Nbd2 d6 12. Rd1 O-O 13. Nb3 Bg4 14. Bf4 a5 15. Rac1 a4 16. Nbd2 Ne5 17. Qb5 a3 18. b3 N7c6 19. Qxb7 Rb8 20. Qa6 Nb4 21. Qxa3 Nbd3 22. Ra1 Nxf4 23. gxf4 Nd3 24. Nc4 Nxf4 25. Qxd6 Qxd6 26. Nxd6 d3 27. Rab1 Ne2+ 28. Kh2 Nc3 29. Nc4 Nxb1 30. Rxb1 Rfc8 31. Rd1 Rd8 32. Kg3 h5 33. Rd2 Ra8 34. Nfe5 Be2 35. f4 Re8 36. Bf3 Bxf3 37. Kxf3 Ra6 38. Rxd3 Rxa2 39. b4 Rc2 40. b5 Bxe5 41. Nxe5 Rb2 42. Rd5 Rb8 43. Rd7 R8xb5 44. Nxf7 R5b3+ 0-1


[Site "https://www.chess.com"]

[Event "Titled Tuesday Blitz January 31 Early 2023"]
[White "Gottstein, Claudius-Thomas"]
[Black "Lauridsen, Jesper Morch"]
[WhiteFideId "4653327"]
[BlackFideId "1401890"]
[WhiteElo "2113"]
[BlackElo "2309"]
[Result "1/2-1/2"]
[Round "10"]
[TimeControl "180+2"]
[Date "2023.01.31"]
[WhiteClock "0:00:43"]
[BlackClock "0:00:03"]

1. Nf3 g6 2. c4 Bg7 3. Nc3 d6 4. g3 Nf6 5. Bg2 O-O 6. O-O Nbd7 7. b4 e5 8. Bb2 Re8 9. e4 Nf8 10. d3 Ne6 11. Nd5 c6 12. Nxf6+ Qxf6 13. a4 a5 14. b5 c5 15. Bc3 b6 16. Bd2 Nd4 17. Nxd4 cxd4 18. Qf3 Qxf3 19. Bxf3 Bh3 20. Bg2 Bxg2 21. Kxg2 f5 22. Rae1 Ra7 23. f4 Rae7 24. Kf3 h6 25. h4 Kh7 26. Bc1 Bf6 27. Rh1 exf4 28. Bxf4 fxe4+ 29. Rxe4 Rxe4 30. dxe4 Be5 31. Rd1 Rf8 32. Kg4 h5+ 33. Kf3 Kg7 34. Rf1 Rf6 35. Ke2 Kf7 36. Rf3 Ke6 37. Bg5 Rxf3 38. Kxf3 d3 39. Bf4 Bc3 40. Ke3 d2 41. Ke2 Bb4 42. Bxd2 Ke5 43. Bf4+ Kxe4 44. Bg5 Bc5 45. Bd8 d5 46. cxd5 1/2-1/2


[Site "https://www.chess.com"]

[Event "Titled Tuesday Blitz January 31 Early 2023"]
[White "Mladek, Richard"]
[Black "Mione, Dario"]
[WhiteFideId "386588"]
[BlackFideId "806625"]
[WhiteElo "2436"]
[BlackElo "2228"]
[Result "1-0"]
[Round "10"]
[TimeControl "180+2"]
[Date "2023.01.31"]
[WhiteClock "0:00:34"]
[BlackClock "0:00:07"]

1. d4 d5 2. c4 e6 3. Nc3 Nf6 4. Nf3 Be7 5. e3 O-O 6. Bd2 c5 7. dxc5 Bxc5 8. Rc1 Be7 9. Qb3 dxc4 10. Bxc4 Nc6 11. Bb5 Bd7 12. O-O a6 13. Be2 b5 14. e4 Qb6 15. Be3 Qb8 16. Rfd1 Rd8 17. g3 Be8 18. h4 Rxd1+ 19. Qxd1 Ne5 20. Nxe5 Qxe5 21. Bf4 Qc5 22. Nd5 exd5 23. Rxc5 Bxc5 24. e5 Nd7 25. Qxd5 Rd8 26. Bg5 Rc8 27. Bg4 1-0


[Site "https://www.chess.com"]

[Event "Titled Tuesday Blitz January 31 Early 2023"]
[White "Dwilewicz, Katarzyna"]
[Black "Lehtosaari, Mauri"]
[WhiteFideId "1148486"]
[BlackFideId "501999"]
[WhiteElo "2115"]
[BlackElo "2176"]
[Result "0-1"]
[Round "10"]
[TimeControl "180+2"]
[Date "2023.01.31"]
[WhiteClock "0:00:03"]
[BlackClock "0:00:04"]

1. e4 d5 2. exd5 Qxd5 3. Nf3 Bg4 4. Be2 Nc6 5. h3 Bxf3 6. Bxf3 Qe5+ 7. Qe2 Qxe2+ 8. Bxe2 O-O-O 9. Nc3 Nd4 10. Bd1 e6 11. d3 Bb4 12. a3 Ba5 13. b4 Bb6 14. Na4 Ne7 15. Nxb6+ axb6 16. Bb2 e5 17. c3 Ne6 18. Bc2 Nf4 19. O-O-O f6 20. g3 Ne6 21. Rhe1 Rhe8 22. f4 Nc6 23. Bb3 Kd7 24. d4 exd4 25. cxd4 Nexd4 26. b5 Kc8 27. Rxe8 Nxb3+ 28. Kc2 Rxe8 29. bxc6 Nc5 30. cxb7+ Kxb7 31. Bd4 Ne4 32. g4 Nd6 33. Kd3 Ra8 34. Bb2 Ra4 35. Rf1 Kc6 36. g5 fxg5 37. fxg5 g6 38. Rf3 Kd5 39. Rg3 Rf4 40. Re3 Rf5 41. h4 Rf4 42. Re5+ Kc6 43. Re7 Rxh4 44. Be5 Rh3+ 45. Kc2 Nb5 46. Bf4 Rxa3 47. Kc1 Rh3 48. Kc2 Nd6 49. Be5 Kd5 50. Bg7 c5 51. Bh6 Nf5 52. Rxh7 b5 53. Rh8 Kc4 54. Rd8 Rh2+ 55. Kd1 b4 56. Rc8 b3 57. Bf8 Kd3 58. Rxc5 Rh1# 0-1


[Site "https://www.chess.com"]